 Dungeon Crawl Stone Soup version 0.27-a0-972-gd1521fd518 (webtiles) character file.

Game seed: 7491238416607030762

14 Alarkh the Insei (level 2, 21/21 HPs)
             Began as a Demonspawn Transmuter on Apr 13, 2021.
             Got out of the dungeon alive.
             The game lasted 00:00:30 (639 turns).

Alarkh the Insei (Demonspawn Transmuter)             Turns: 639, Time: 00:00:30

Health: 21/21      AC:  2    Str: 10    XL:     2   Next: 31%
Magic:  5/5        EV: 12    Int: 14    God:
Gold:   35         SH:  0    Dex: 13    Spells: 4/5 levels left

rFire    . . .     SeeInvis .     - Unarmed
rCold    . . .     Faith    .   (no shield)
rNeg     . . .     Spirit   .   a - +0 robe
rPois    .         Reflect  .   (helmet restricted)
rElec    .         Harm     .   (no cloak)
rCorr    .         Rampage  .   (no gloves)
Will     .....                  (no boots)
Stlth    +.........             (no amulet)
HPRegen  0.07/turn              (no ring)
MPRegen  0.09/turn              (no ring)

@: no status effects
A: antennae 1
a: no special abilities


You escaped.
You visited 1 branch of the dungeon, and saw 1 of its levels.

You collected 35 gold pieces.

Inventory:

Armour
 a - a +0 robe (worn)
Potions
 b - a potion of resistance {unknown}
 c - a potion of degeneration {unknown}


   Skills:
 + Level 1.3 Fighting
 - Level 1.7 Dodging
 * Level 3.0 Unarmed Combat
 + Level 2.1 Spellcasting
 + Level 2.0 Transmutations


You had 4 spell levels left.
You knew the following spells:

 Your Spells              Type           Power      Damage    Failure   Level
a - Beastly Appendage     Tmut           14%        N/A       11%         1

Your spell library contained the following spells:

 Spells                   Type           Power      Damage    Failure   Level
 Wereblood                Tmut           7%         N/A       16%         2
 Spider Form              Tmut/Pois      2%         N/A       43%         3
 Ice Form                 Ice/Tmut       4%         N/A       83%         4
 Hydra Form               Tmut           3%         N/A       96%         5


Dungeon Overview and Level Annotations

Branches:
Dungeon (1/15)

Altars:


Innate Abilities, Weirdness & Mutations

You have a pair of small antennae on your head.


Message History

The ball python bites you. The ball python grabs you.
The ball python constricts you.
You hit the ball python but do no damage.
The ball python is heavily wounded.
The ball python completely misses you. The ball python constricts you.
You hit the ball python.
You kill the ball python!
No target in view!
No target in view!
No target in view!
No target in view!
No target in view!
No target in view!
No target in view!
You see here a ball python corpse.
Your magical contamination has completely faded away.
Found a stone staircase leading down.
Found 12 stones.
There is a stone staircase leading down here.
There is a stone staircase leading down here.
A bat comes into view.
Casting: Beastly Appendage (safe; 11% risk of failure)
Confirm with . or Enter, or press ? or * to list all spells.
Your feet morph into talons.
Unknown command.
You hit the bat but do no damage. Your kick misses the bat.
The bat closely misses you. The bat hits you but does no damage.
You barely miss the bat. The bat closely misses you. x2
You completely miss the bat. Your kick misses the bat.
The bat hits you but does no damage.
You barely miss the bat. The bat completely misses you.
The bat barely misses you.
You hit the bat. You claw the bat.
You kill the bat!
Unknown command.
Your transformation is almost over.
Your talons disappear.
There is a staircase leading out of the dungeon here.
Are you sure you want to leave the Dungeon?
This will make you lose the game!
You have escaped!

.# #8# .# #.# .###### ###.###
....... ###.....### ##########
#.........#
##8##8##8###.........##
................[...8.#
..[...................####
................@.......8#
........(.............####
....................8.#
##8##8##8###.........#######.#.##
########## #.........##.........#
.# ###.....#####.###.#..# .#
###.###.........#..# .# #.#
#.###.#####..# .# #8# #.#
#..†..#..#


There were no monsters in sight!

Vanquished Creatures
  An endoplasm (D:1)
  3 hobgoblins (D:1)
  2 kobolds (D:1)
  A quokka (D:1)
  2 ball pythons (D:1)
  2 bats (D:1)
  2 frilled lizards (D:1)
13 creatures vanquished.

Notes
Turn   | Place    | Note
-------+----------+-------------------------------------------
     0 | D:1      | Alarkh the Demonspawn Transmuter began the quest for the
                  | Orb.
     0 | D:1      | Reached XP level 1. HP: 15/15 MP: 3/3
   241 | D:1      | Lost mutation: You have a pair of horns on your head.
                  | [demonic ancestry]
   241 | D:1      | Lost mutation: You have a pair of small horns on your head.
                  | [demonic ancestry]
   241 | D:1      | Gained mutation: You have a pair of small antennae on your
                  | head. [demonic ancestry]
   241 | D:1      | Reached XP level 2. HP: 15/21 MP: 3/5
   335 | D:1      | Reached skill level 3 in Unarmed Combat
   639 | D:$      | Got out of the dungeon alive.

Illustrated notes

Levels and vault maps discovered:
D:1:      psy_arrival_heroes, layout_basic, basic_ecumenical_altar,
          minmay_misc_feat_rows

Skill      XL: |  1  2 |
---------------+-------+-----
Unarmed Combat | 3 |  3.0
Transmutations | 2 |  2.0
Fighting       | |  1.3
Dodging        | |  1.7
Spellcasting   | |  2.1

Action                   || total
-------------------------++-------
Melee: Unarmed           ||    40
       Kick              ||     6
       Headbutt          ||     1
 Cast: Beastly Appendage ||     8
 Stab: Sleeping          ||     1
Armor: Robe              ||    14
Dodge: Dodged            ||    26

Table legend: (Time is in decaauts)
 A = Elapsed time spent in this place.
 B = Non-inter-level travel time spent in this place.
 C = Inter-level travel time spent in this place.
 D = Time resting spent in this place.
 E = Time spent auto-exploring this place.
 F = Levels seen in this place.
 G = Mean time per level.
                   A        B        C        D        E       F      G
               +--------+--------+--------+--------+--------+-----+--------+
         Total |    637 |    566 |     71 |      0 |    481 |   1 |  637.0 |
       Dungeon |    637 |    566 |     71 |      0 |    481 |   1 |  637.0 |
               +--------+--------+--------+--------+--------+-----+--------+

Top non-repeatable levels by time:
     D:1: 637 daAuts
